 Dungeon Crawl Stone Soup version 0.28-a0-802-g09f76e8c00 (console) character file.

Game seed: 9241772474342873897

590 petzl the Sneak (level 7, -9/45 HPs)
             Began as an Octopode Arcane Marksman on Nov 6, 2021.
             Mangled by an iguana (13 damage)
             ... on level 6 of the Dungeon.
             The game lasted 00:20:16 (5757 turns).

petzl the Sneak (Octopode Arcane Marksman)          Turns: 5757, Time: 00:20:16

Health: -9/45      AC:  2    Str:  8 (9)  XL:     7   Next: 38%
Magic:  12/12      EV: 14    Int: 16 (18) God:
Gold:   140        SH:  0    Dex: 18      Spells: 12/13 levels left

rFire   . . .      SeeInvis .   b - +0 short sword
rCold   . . .      Faith    .   (no shield)
rNeg    . . .      Spirit   .   j - +1 hat
rPois   +          Reflect  .   (no amulet)
rElec   .          Harm     .   l - ring of poison resistance
rCorr   .          Rampage  .   m - +6 ring of dexterity
Will    .....                   t - ring of flight
Stlth   ++++......              (no ring)
HPRegen 0.15/turn               (no ring)
MPRegen 0.13/turn               (no ring)
                                (no ring)
                                (no ring)

@: flying
A: almost no armour, amphibious, 8 rings, camouflage 1, gelatinous body 1,
(nimble swimmer 1), tentacles
a: no special abilities


You were on level 6 of the Dungeon.
You visited 1 branch of the dungeon, and saw 6 of its levels.

You collected 140 gold pieces.

Inventory:

Hand Weapons
 a - a +0 vorpal hand crossbow
 b - a +0 short sword (weapon)
 f - a +0 long sword
Missiles
 c - 26 bolts
Armour
 j - a +1 hat (worn)
Jewellery
 l - a ring of poison resistance (left tentacle)
 m - a +6 ring of dexterity (right tentacle)
 t - a ring of flight (on tentacle)
Wands
 v - a wand of acid (6)
 x - a wand of paralysis (4)
Scrolls
 d - 2 scrolls of fear
 e - a scroll of fog
 g - a scroll of teleportation
Potions
 i - a potion of haste
 n - a potion of resistance {unknown}
 o - a potion of flight
 p - a potion of heal wounds {unknown}
 q - a potion of ambrosia {unknown}
 r - a potion of invisibility {unknown}
 u - a potion of attraction {unknown}
 w - a potion of curing {unknown}


   Skills:
 + Level 2.8 Fighting
 + Level 3.5 Crossbows
 + Level 3.2 Dodging
 * Level 4.8 Stealth
 * Level 3.6 Spellcasting
 - Level 3.4 Hexes
 + Level 1.4 Evocations


You had 12 spell levels left.
You knew the following spells:

 Your Spells              Type           Power      Damage    Failure   Level
a - Slow                  Hex            52%        N/A       4%          1

Your spell library contained the following spells:

 Spells                   Type           Power      Damage    Failure   Level
 Inner Flame              Hex/Fire       8%         N/A       26%         3
 Portal Projectile        Hex/Tloc       16%        N/A       26%         3
 Cause Fear               Hex            6%         N/A       41%         4


Dungeon Overview and Level Annotations

Branches:
Dungeon (6/15)
 Temple: D:4-7

Altars:

Shops:
D:1 *

Annotations:
D:2 Natasha
D:3 2 transporters, 1 runed translucent door, Crazy Yiuf; Leeroy's ghost, amateur DrTm
D:4 exclusion: downstairs
D:6 2 transporters, Eustachio


Innate Abilities, Weirdness & Mutations

You cannot wear most types of armour.
You are amphibious.
You can wear up to eight rings at the same time.
Your skin changes colour to match your surroundings (Stealth+).
Your rubbery body absorbs attacks. (AC +1, EV +1)
((You are camouflaged near water. (Stealth+)))
You have tentacles for arms and can constrict up to eight enemies at once.


Message History

Found a stone staircase leading up.
Aiming: Corrosive Bolt
Press: ? - help, Shift-Dir - straight line, f - sky beast
Aim: a sky beast (wandering, hasn't noticed you, 60% to hit)
The bolt of acid misses the sky beast.
Aiming: Corrosive Bolt
Press: ? - help, Shift-Dir - straight line, f/p - sky beast
Aim: a sky beast (60% to hit)
The bolt of acid hits the sky beast!
The sky beast is moderately wounded.
The iguana hisses angrily.
Aiming: Paralyse
Press: ? - help, Shift-Dir - straight line, f/p - sky beast
Aim: a sky beast (moderately wounded, chance to affect: 50%)
The sky beast suddenly stops moving!
The helpless sky beast fails to defend itself.
You puncture the sky beast! You squeeze the sky beast.
The sky beast is almost dead.
The helpless sky beast fails to defend itself.
You puncture the sky beast!
You kill the sky beast!
The iguana closely misses you.
You feel your strength returning.
You feel your dexterity returning.
You barely miss the iguana. Your grab misses the iguana.
You squeeze the iguana.
The iguana is lightly wounded.
The iguana bites you!
You closely miss the iguana. You grab the iguana.
The iguana is lightly wounded.
You constrict the iguana, but do no damage.
The iguana bites you but does no damage.
You barely miss the iguana. Your squeeze misses the iguana.
The iguana is lightly wounded.
You constrict the iguana, but do no damage.
The iguana bites you!
* * * LOW HITPOINT WARNING * * *
You hit the iguana but do no damage.
The iguana is lightly wounded.
You constrict the iguana, but do no damage.
The iguana bites you!
You die...

#. #.# #########Y #
########.# #...(.$.(. .
.........# #.########
#########..## #?#
≈≈≈≈S#P8#.... #!#
.....#..#..##### #.#
.⌠...+/©#©.....# #.#
.....#..#...##.# #.#
≈≈≈SS#P8#.#.# #.#
#########.#.# #.#
.....†....#.# #.#
###########.# #.#
###########.# ########### #.#
......(.....# ...<..l@..# #.#
#######################.###.#
.....[......................#
#######################.#####
# #...........#
#############.###########
.............>#
#############.# # ###


You could see an iguana.

Vanquished Creatures
  A water moccasin (D:5)
  A sky beast (D:6)
  A scorpion (D:6)
  A bullfrog zombie (D:6)
  A jelly (D:3)
  4 iguanas
  A hound skeleton (D:4)
  2 gnolls
  6 adders
  A white imp (D:5)
  An ufetubus (D:4)
  An adder skeleton (D:4)
  A worm (D:1)
  3 dart slugs
  3 orcs
  4 bats
  3 endoplasms (D:2)
  2 giant cockroaches
  4 hobgoblins
  4 jackals (D:3)
  4 kobolds
  2 quokkas (D:1)
  12 ball pythons
  2 frilled lizards (D:1)
  7 goblins
  3 rats
75 creatures vanquished.

Notes
Turn   | Place    | Note
-------+----------+-------------------------------------------
     0 | D:1      | petzl the Octopode Arcane Marksman began the quest for the
                  | Orb.
     0 | D:1      | Reached XP level 1. HP: 13/13 MP: 2/2
   151 | D:1      | Reached XP level 2. HP: 18/18 MP: 3/3
   333 | D:1      | Found a faded altar of an unknown god.
   438 | D:1      | Reached XP level 3. HP: 23/23 MP: 5/5
   450 | D:1      | Reached skill level 1 in Stealth
   849 | D:1      | Found Nanetsos's General Store.
  1724 | D:2      | Reached XP level 4. HP: 9/28 MP: 0/7
  2048 | D:2      | Noticed Natasha
  2164 | D:3      | Found a transporter.
  2165 | D:3      | Noticed Leeroy's ghost (amateur DrTm)
  2166 | D:3      | Found a transporter.
  2166 | D:3      | Noticed an ogre
  2167 | D:3      | Noticed an ogre
  2168 | D:3      | Noticed an ogre
  2561 | D:3      | Reached skill level 2 in Stealth
  2561 | D:3      | Reached XP level 5. HP: 34/34 MP: 8/8
  2806 | D:3      | Found a runed translucent door.
  2807 | D:3      | Noticed Crazy Yiuf
  4061 | D:4      | Reached skill level 3 in Stealth
  4352 | D:5      | Entered Level 5 of the Dungeon
  4352 | D:5      | Noticed a sky beast
  4440 | D:5      | Reached XP level 6. HP: 40/40 MP: 10/10
  5047 | D:5      | Noticed a water moccasin
  5130 | D:5      | Killed a water moccasin
  5131 | D:5      | Reached skill level 4 in Stealth
  5255 | D:6      | Noticed Eustachio
  5451 | D:6      | Reached skill level 1 in Evocations
  5451 | D:6      | Reached XP level 7. HP: 5/45 MP: 10/12
  5638 | D:6      | Found a transporter.
  5654 | D:6      | Found a transporter.
  5757 | D:6      | Mangled by an iguana

Illustrated notes

Levels and vault maps discovered:
D:1:      saegor_arrival_simple_b, layout_loops_ring, serial_shops, shop,
          hellmonk_ecumenical_altar_arch_garden, minmay_door_square,
          minivault_23, minmay_3d_cube
D:2:      layout_rooms, uniq_natasha
D:3:      layout_rooms, gammafunk_ghost_smash, serial_bayou_crossing,
          uniq_crazy_yiuf_cottage
D:4:      layout_basic, kennysheep_generic_room_3
D:5:      layout_layer_cave, lemuel_temple_firewalk_a
D:6:      gammafunk_steamed_eel, layout_basic, lightli_sewer_entry_pipes,
          uniq_grinder, uniq_eustachio, uniq_menkaure

Skill      XL: |  1  2  3  4  5  6 |
---------------+-------------------+-----
Stealth        | 1 2 3 4 |  4.8
Spellcasting   | 2 3 |  3.6
Fighting       | 2 |  2.8
Crossbows      | 3 |  3.5
Dodging        | 3 |  3.2
Evocations     | 1 |  1.4
Hexes          | |  3.4

Action                   |  1- 3 |  4- 6 |  7- 9 || total
-------------------------+-------+-------+-------++-------
Melee: Short sword       |     7 |    66 |    12 ||    85
       Constrict         |     2 |    16 |     2 ||    20
       Tentacles         |     1 |    10 |     3 ||    14
 Fire: Hand crossbow     |    75 |    64 |     3 ||   142
 Cast: Slow              |     8 |    17 |     1 ||    26
Evoke: Wand              |       |       |     3 ||     3
  Use: Scroll            |       |     9 |     1 ||    10
       Potion            |       |       |     3 ||     3
 Stab: Sleeping          |     1 |    10 |       ||    11
       Paralysed         |       |       |     2 ||     2
Armor: Skin              |     5 |     1 |     1 ||     7
Dodge: Dodged            |    29 |    54 |     3 ||    86

Table legend: (Time is in decaauts)
 A = Elapsed time spent in this place.
 B = Non-inter-level travel time spent in this place.
 C = Inter-level travel time spent in this place.
 D = Time resting spent in this place.
 E = Time spent auto-exploring this place.
 F = Levels seen in this place.
 G = Mean time per level.
                   A        B        C        D        E       F      G
               +--------+--------+--------+--------+--------+-----+--------+
         Total |   5797 |   5270 |    527 |   1354 |   2479 |   6 |  966.2 |
       Dungeon |   5797 |   5270 |    527 |   1354 |   2479 |   6 |  966.2 |
               +--------+--------+--------+--------+--------+-----+--------+

Top non-repeatable levels by time:
     D:1: 1518 daAuts
     D:4: 1481 daAuts
     D:3: 964 daAuts
     D:2: 793 daAuts
     D:5: 671 daAuts
     D:6: 367 daAuts
